AoeStats
← 白鹿城拉车车

Nomad

509874787Analyzed
4v4 RM · 3d ago on Sep 28, 2026· 29m 50s· 8 players
Game mode
Random Map
Map size
231×231
Population
200
Speed
Normal
Resources
Standard
Victory
Conquest
Starting age
Dark Age
Ending age
Imperial Age
RankedLock teamsTeams togetherTeam positionsShared explorationLock speedFull tech treeHidden civsTurbo modeCheats
Victory
Defeat
🇲🇽 Dravidians · Mexico
1312
+14
🇻🇳 Vikings · Vietnam
1248
+17
🇹🇼 Magyars · Taiwan
1243
+17
🇨🇳 Persians · China
1240
+17
🇨🇳 Varangians · China
1335
-19
🇹🇼 Byzantines · Taiwan
1261
-16
🇨🇳 Danes · China
1251
-16
1206
-14
clp0526
8:30 Loom
14:59 Feudal Age
20:38 Castle Age
19:48 Horse Collar
19:56 Double-Bit Axe
20:53 Stone Mining
21:53 Heavy Plow
27:38 Scale Barding Armor
27:37 Husbandry
28:51 Forging
微操大师蒋中正
4:49 Loom
13:41 Feudal Age
17:58 Castle Age
16:13 Fletching
17:14 Double-Bit Axe
24:49 Town Watch
重案组之虎曹达华JESSEJAMES
3:03 Loom
13:18 Feudal Age
14:38 Stone Mining
18:15 Castle Age
16:33 Horse Collar
22:38 Double-Bit Axe
25:29 Heavy Plow
28:51 Wheelbarrow
白鹿城拉车车
7:13 Loom
14:40 Feudal Age
15:20 Man-at-Arms
16:29 Fishing Lines
17:12 Town Watch
18:21 Fletching
19:52 Forging
20:47 Scale Mail Armor
20:46 Arson
26:49 Wheelbarrow
28:39 Double-Bit Axe
TigerBitePig
4:58 Loom
14:02 Feudal Age
17:58 Castle Age
16:23 Fletching
16:23 Double-Bit Axe
17:52 Padded Archer Armor
19:45 Bodkin Arrow
20:13 Crossbowman
29:23 Bow Saw
永远在进步
6:16 Loom
7:36 Loom
9:58 Loom
12:02 Feudal Age
12:51 Double-Bit Axe
17:09 Horse Collar
18:08 Fishing Lines
23:56 Castle Age
22:41 Gold Mining
22:43 Stone Mining
26:13 Wheelbarrow
25:49 Bow Saw
26:21 Heavy Plow
27:13 Bow Saw
IiLeo M
4:16 Loom
13:41 Feudal Age
17:30 Castle Age
17:00 Scale Mail Armor
17:13 Man-at-Arms
18:00 Long Swordsman
19:08 Chain Mail Armor
19:41 Town Watch
19:55 Gambesons
20:06 Double-Bit Axe
21:12 Squires
21:28 Forging
21:21 Arson
Lucky_Bois_VN
5:19 Loom
15:00 Feudal Age
15:43 Double-Bit Axe
24:11 Castle Age
23:44 Stone Mining
23:47 Gold Mining
25:08 Bow Saw
27:42 Fletching
29:35 Stone Mining
29:45 Bodkin Arrow
Connection lost

Rejoining the realm…

Still unreachable

The connection could not be restored.

Session expired

The server has moved on; the page needs a fresh start.